 Dungeon Crawl Stone Soup version 0.21.1-1-g345015f (webtiles) character file.

1736 sking99 the Basher (level 8, -11/75 HPs)
             Began as a Minotaur Fighter on June 28, 2018.
             Was an Initiate of Gozag.
             Mangled by olivier's ghost (20 damage)
             ... on level 6 of the Dungeon.
             The game lasted 00:10:41 (6199 turns).

sking99 the Basher (Minotaur Fighter)               Turns: 6199, Time: 00:10:42

Health: -11/75     AC: 10    Str: 21    XL:     8   Next: 76%
Magic:  7/7        EV:  5    Int:  5    God:    Gozag
Gold:   563        SH:  9    Dex: 12    Spells: 7/7 levels left

rFire    . . .     SeeInvis .   a - +0 flail
rCold    . . .     Gourm    .   c - +0 shield
rNeg     . . .     Faith    .   x - +0 chain mail
rPois    .         Spirit   .   (helmet restricted)
rElec    .         Reflect  .   (no cloak)
rCorr    .         Harm     .   (no gloves)
MR       .....                  u - +0 pair of boots (curse)
Stlth    ..........             (no amulet)
HPRegen  0.22/turn              (no ring)
MPRegen  0.10/turn              (no ring)

@: no status effects
A: retaliatory headbutt, horns 2
a: Potion Petition, Call Merchant, Bribe Branch, Renounce Religion


You were on level 6 of the Dungeon.
You worshipped Gozag.
Gozag was pleased with you.
You were full.

You visited 1 branch of the dungeon, and saw 6 of its levels.

You collected 950 gold pieces.
You paid 387 gold pieces to Gozag.

Inventory:

Hand Weapons
 a - a +0 flail (weapon)
Missiles
 k - 3 throwing nets (quivered)
Armour
 b - a +0 scale mail
 c - a +0 shield (worn)
 u - a cursed +0 pair of boots (worn)
 x - a +0 chain mail (worn)
Jewellery
 j - a +3 ring of dexterity {unknown}
 p - an uncursed ring of fire {unknown}
 r - an uncursed ring of stealth {unknown}
Scrolls
 e - 5 scrolls of identify
 i - a scroll of enchant armour {unknown}
 m - a scroll of remove curse {unknown}
 n - 2 scrolls of random uselessness
 o - a scroll of immolation {unknown}
 s - a scroll of fog {unknown}
 v - a scroll of teleportation {unknown}
Potions
 d - 5 potions of might
 h - 3 potions of curing
 l - a potion of magic
 q - a potion of degeneration {unknown}
 t - 3 potions of brilliance {unknown}
Books
 w - a book of Misfortune

   Spells                             Type                      Level
   a - Confusing Touch                Hexes                        1
   b - Confuse                        Hexes                        3
   c - Gell's Gravitas                Translocation                3
   d - Petrify                        Transmutation/Earth          4
   e - Metabolic Englaciation         Hexes/Ice                    5
   f - Yara's Violent Unravelling     Hexes/Transmutation          5
Comestibles
 f - a ration


   Skills:
 + Level 8.7 Fighting
 * Level 11.0 Maces & Flails
 - Level 3.6 Armour
 - Level 0.6 Dodging
 - Level 3.6 Shields


You had 7 spell levels left.
You didn't know any spells.

Dungeon Overview and Level Annotations

Branches:
Dungeon (6/15)             Temple (0/1) D:6

Altars:
Dithmenos
Gozag
Hepliaklqana
Nemelex Xobeh
Okawaru
Trog
Vehumet

Annotations:
D:6 olivier's ghost, novice GrFi


Innate Abilities, Weirdness & Mutations

You reflexively headbutt those who attack you in melee.
You have a pair of horns on your head.


Message History

You headbutt olivier's ghost, but do no damage.
Olivier's ghost hits you but does no damage.
You sock olivier's ghost!
You headbutt olivier's ghost, but do no damage.
Olivier's ghost is lightly damaged.
Olivier's ghost hits you! Olivier's ghost burns you.
You hit olivier's ghost but do no damage.
Olivier's ghost is lightly damaged.
You closely miss olivier's ghost. Your headbutt misses olivier's ghost.
Olivier's ghost is lightly damaged.
You block olivier's ghost's attack.
You thump olivier's ghost!
Olivier's ghost is moderately damaged.
Olivier's ghost hits you!!
* * * LOW HITPOINT WARNING * * *
Olivier's ghost burns you!
* * * LOW HITPOINT WARNING * * *
Olivier's ghost hits you!!
You die...
Your body crumbles into a pile of gold.

*,,,,,,,,,,,**********,*
#.=.........# **,,,,*
#...........* ****,,****
#..........,***,,,,**
*#........####,,****
##...........,,,,*
#....(.....#****,*
#.....)$...# *,**
#......@W..# *,,*
#.........##*****,**
#...?....##,,≈≈≈**≈*
##.......#,*****≈*,*
##......#,**≈**≈*≈*
########≈*≈*≈*≈*≈*
*≈*≈*∩*,*≈* *≈*≈***≈*≈*
*≈*≈≈≈≈**,*


You could see olivier's ghost.

Vanquished Creatures
  The ghost of sking99 the Ruffian, a novice OgTm (D:5)
  2 ogres (D:5)
  3 bullfrogs
  2 scorpions
  A crimson imp (D:5)
  4 hounds
  4 orc priests
  An orc wizard (D:5)
  Natasha (thrice) (D:2)
  3 iguanas
  7 worker ants
  Robin (D:4)
  7 gnolls
  13 adders
  2 oozes (D:1)
  3 dart slugs
  4 leopard geckos
  9 orcs
  6 giant cockroaches
  8 goblins
  7 hobgoblins
  11 jackals
  A quokka (D:5)
  4 ball pythons
  8 bats
  6 frilled lizards
  4 kobolds
  A leopard gecko skeleton (D:4)
  7 rats
133 creatures vanquished.

Notes
Turn   | Place    | Note
-------+----------+-------------------------------------------
     0 | D:1      | sking99 the Minotaur Fighter began the quest for the Orb.
     0 | D:1      | Reached XP level 1. HP: 19/19 MP: 0/0
   244 | D:1      | Reached XP level 2. HP: 27/27 MP: 1/1
   339 | D:1      | Reached skill level 3 in Maces & Flails
   531 | D:1      | Reached XP level 3. HP: 34/34 MP: 2/2
   671 | D:2      | Noticed Natasha
   680 | D:2      | Killed Natasha
   680 | D:2      | Reached skill level 4 in Maces & Flails
   926 | D:2      | Found an opulent altar of Gozag.
   960 | D:2      | Noticed Natasha
   974 | D:2      | Became a worshipper of Gozag Ym Sagoz the Greedy
   986 | D:2      | Killed Natasha
   986 | D:2      | Reached skill level 5 in Fighting
   986 | D:2      | Reached XP level 4. HP: 15/42 MP: 3/3
  1503 | D:2      | Noticed Natasha
  1532 | D:2      | HP: 2/42 [Natasha/magic dart (8)]
  1534 | D:2      | Killed Natasha
  2188 | D:3      | Reached XP level 5. HP: 48/48 MP: 4/4
  2205 | D:3      | Reached skill level 5 in Maces & Flails
  2228 | D:3      | Found a faded altar of an unknown god.
  2950 | D:3      | Found a sparkling altar of Nemelex Xobeh.
  2951 | D:3      | Found an opulent altar of Gozag.
  3107 | D:4      | Reached skill level 6 in Maces & Flails
  3332 | D:4      | Reached XP level 6. HP: 51/56 MP: 5/5
  3390 | D:4      | Got a twisted leather armour
  3391 | D:4      | Identified the cursed +0 leather armour of Paranoia {rCorr} (You found it on level 4 of the Dungeon)
  3452 | D:4      | Noticed Robin
  3456 | D:4      | Killed Robin
  3708 | D:4      | Reached skill level 7 in Maces & Flails
  3801 | D:4      | Reached XP level 7. HP: 57/64 MP: 6/6
  4242 | D:5      | Entered Level 5 of the Dungeon
  4243 | D:5      | Noticed sking99's ghost (novice OgTm)
  4281 | D:5      | Killed sking99's ghost
  4281 | D:5      | Reached skill level 9 in Maces & Flails
  4461 | D:5      | Reached XP level 8. HP: 49/73 MP: 7/7
  5137 | D:5      | Reached skill level 10 in Maces & Flails
  5528 | D:5      | Found a hazy altar of Hepliaklqana.
  5530 | D:5      | Found a bloodstained altar of Trog.
  5530 | D:5      | Found a radiant altar of Vehumet.
  5531 | D:5      | Found an iron altar of Okawaru.
  5535 | D:5      | Found a shadowy altar of Dithmenos.
  5866 | D:6      | Noticed olivier's ghost (novice GrFi)
  5876 | D:6      | Reached skill level 11 in Maces & Flails
  6199 | D:6      | Mangled by olivier's ghost

Skill      XL: |  1  2  3  4  5  6  7  8 |
---------------+-------------------------+-----
Fighting       | 4 5 6 7 8 |  8.7
Maces & Flails | 3 4 6 7 9 11 | 11.0
Armour         | |  3.6
Dodging        | |  0.6
Shields        | |  3.6

Action                   |  1- 3 |  4- 6 |  7- 9 || total
-------------------------+-------+-------+-------++-------
Melee: Flail             |    68 |   202 |   151 ||   421
       Headbutt          |     9 |    33 |    40 ||    82
Invok: Potion Petition   |       |     1 |     1 ||     2
  Use: Scroll            |       |     2 |     2 ||     4
  Eat: Ration            |       |     3 |     3 ||     6
       Chunk             |       |     1 |       ||     1
Armor: Scale mail        |    25 |    77 |    12 ||   114
       Chain mail        |       |       |    42 ||    42
Dodge: Dodged            |    22 |    52 |    24 ||    98
Block: Shield            |    36 |   110 |    70 ||   216
